 Dungeon Crawl Stone Soup version 0.28.0-62-gf88900778d (webtiles) character file.

Game seed: 16640554305134610350

2163 cbfl8 the Chopper (level 9, -1/75 HPs)
             Began as a Minotaur Fighter on May 1, 2023.
             Was an Elder of Wu Jian.
             Killed from afar by a swamp worm (19 damage)
             ... with a harpoon shot
             ... on level 7 of the Dungeon.
             The game lasted 00:06:38 (7226 turns).

cbfl8 the Chopper (Minotaur Fighter)                Turns: 7226, Time: 00:06:38

Health: -1/75      AC: 10    Str: 21    XL:     9   Next: 10%
Magic:  10/10      EV:  8    Int:  5    God:    Wu Jian [****..]
Gold:   433        SH:  9    Dex: 14    Spells: 8/8 levels left

rFire   . . .      SeeInvis .   a - +0 war axe
rCold   . . .      Faith    +   b - +0 kite shield
rNeg    . . .      Spirit   .   o - +0 chain mail
rPois   +          Reflect  .   (helmet restricted)
rElec   .          Harm     .   (no cloak)
rCorr   .          Rampage  .   (no gloves)
Will    .....                   (no boots)
Stlth   ..........              j - amulet of faith
HPRegen 0.22/turn               s - ring of poison resistance
MPRegen 0.12/turn               (no ring)

@: no status effects
A: horns 2, retaliatory headbutt
a: Renounce Religion, Wall Jump, Serpent's Lash


You were on level 7 of the Dungeon.
You worshipped Wu Jian.
Wu Jian was greatly pleased with you.
You visited 1 branch of the dungeon, and saw 7 of its levels.
You also visited: Ossuary.

You collected 603 gold pieces.
You spent 170 gold pieces at shops.

Inventory:

Hand Weapons
 a - a +0 war axe (weapon)
Armour
 b - a +0 kite shield (worn)
 o - a +0 chain mail (worn)
Jewellery
 j - an amulet of faith (around neck)
 s - a ring of poison resistance (left hand)
Wands
 c - a wand of paralysis (3) (quivered)
Scrolls
 e - 6 scrolls of teleportation
 l - 2 scrolls of acquirement
 m - a scroll of enchant weapon
 n - 2 scrolls of blinking
 p - a scroll of summoning {unknown}
 q - 2 scrolls of fear
 r - a scroll of immolation
Potions
 d - a potion of might
 f - 3 potions of heal wounds {unknown}
 g - a potion of flight {unknown}
 h - a potion of invisibility {unknown}
 i - 2 potions of lignification {unknown}
 k - 4 potions of curing {unknown}
 t - a potion of cancellation {unknown}
 v - a potion of magic {unknown}


   Skills:
 + Level 5.9 Fighting
 + Level 7.2 Axes
 + Level 6.1 Armour
 * Level 4.5 Dodging
 * Level 4.1 Stealth
 + Level 4.7 Shields
 * Level 3.6 Invocations
 * Level 3.4 Evocations


You had 8 spell levels left.
You didn't know any spells.
Your spell library contained the following spells:

 Spells                   Type           Power      Damage    Failure   Level
 Dazzling Flash           Conj/Hex       0%         N/A       100%        3
 Ozocubu's Armour         Ice            0%         N/A       100%        3
 Iskenderun's Mystic Bla  Conj/Tloc      0%         2d3       100%        4
 Starburst                Conj/Fire      0%         6d3       100%        6
 Ozocubu's Refrigeration  Ice            0%         4d5       100%        7


Dungeon Overview and Level Annotations

Branches:
Dungeon (7/15)             Temple (0/1) D:6         Ossuary (visited)

Altars:
Makhleb
Wu Jian

Shops:
D:3 =[?   D:4 ?(   D:5 (   D:6 *

Annotations:
D:4 3 runed translucent doors, cbfl8's ghost, amateur MfGl


Innate Abilities, Weirdness & Mutations

You have a pair of horns on your head.
You reflexively headbutt those who attack you in melee.


Message History

You kill the howler monkey!
The Council accepts your kill.
You see here a howler monkey corpse.
You start waiting.
A swamp worm is nearby!
You lunge at the swamp worm.
You slash the swamp worm! You headbutt the swamp worm!
The swamp worm is heavily wounded.
The swamp worm barely misses you. You furiously retaliate!
You headbutt the swamp worm. You closely miss the swamp worm.
You headbutt the swamp worm!
The swamp worm is almost dead.
The swamp worm bites you! The swamp worm barely misses you.
You closely miss the swamp worm.
The swamp worm is almost dead.
The swamp worm bites you.
You closely miss the swamp worm. You headbutt the swamp worm.
You kill the swamp worm!
The Council accepts your kill. The bullfrog skeleton hits you.
You slash the bullfrog skeleton!
The bullfrog skeleton is heavily damaged.
The bullfrog skeleton hits you but does no damage.
You barely miss the swamp worm. Your headbutt misses the swamp worm.
You closely miss the swamp worm. You headbutt the swamp worm!
The swamp worm is moderately wounded.
You block the swamp worm's attack. The swamp worm bites you.
You slash the swamp worm! You headbutt the swamp worm.
The swamp worm is severely wounded.
You block the swamp worm's attack. The swamp worm bites you!
You hit the swamp worm but do no damage.
The swamp worm is severely wounded.
The swamp worm bites you!!
You slash the swamp worm! You headbutt the swamp worm.
The swamp worm is almost dead.
You block the swamp worm's attack. The swamp worm bites you!
* * * LOW HITPOINT WARNING * * *
The swamp worm fires a harpoon shot at you.
The harpoon shot hits you!!
You die...

.≈≈ w? .≈≈≈ w≈
..≈≈##P ...≈≈PP
...≈≈≈≈ ..≈≈≈
#..########+#######
#.Zw.@†....<.......
#.#################
#


You could see a swamp worm and a bullfrog skeleton.

Vanquished Creatures
  Maggie (D:6)
  Grinder (D:6)
  A swamp worm (D:7)
  A water moccasin (D:5)
  A sky beast (D:5)
  A necrophage (D:6)
  A black bear (D:6)
  2 centaurs
  2 phantoms (D:5)
  3 scorpions
  A water moccasin skeleton (D:5)
  2 howler monkeys
  2 centaur zombies (Ossuary)
  A bullfrog zombie (D:6)
  A jelly (D:4)
  An orc priest (D:3)
  2 bullfrog skeletons
  2 centaur skeletons (D:4)
  3 iguanas
  An orc wizard (D:5)
  A hound skeleton (D:5)
  2 mummies (Ossuary)
  7 adders
  A white imp (D:6)
  An ufetubus (D:5)
  2 dart slugs
  12 orcs
  9 endoplasms
  3 giant cockroaches
  11 goblins
  5 hobgoblins
  6 kobolds
  3 quokkas
  6 ball pythons
  5 bats
  7 frilled lizards
  2 gnoll zombies (Ossuary)
  4 goblin zombies (Ossuary)
  5 hobgoblin zombies (Ossuary)
  An orc zombie (Ossuary)
  4 rats
127 creatures vanquished.

Vanquished Creatures (others)
  4 plants (D:7)
4 creatures vanquished.

Grand Total: 131 creatures vanquished

Notes
Turn   | Place    | Note
-------+----------+-------------------------------------------
     0 | D:1      | cbfl8 the Minotaur Fighter began the quest for the Orb.
     0 | D:1      | Reached XP level 1. HP: 19/19 MP: 0/0
    65 | D:1      | Found a faded altar of an unknown god.
    96 | D:1      | Prayed at the altar of an unknown god.
    96 | D:1      | Became a worshipper of the Wu Jian Council
    96 | D:1      | Reached * piety under Wu Jian
   125 | D:1      | Reached XP level 2. HP: 21/27 MP: 1/1
   813 | D:2      | Reached XP level 3. HP: 33/33 MP: 2/2
  1082 | D:2      | You fall into a shaft and drop 1 floor!
  1086 | D:3      | Reached skill level 3 in Axes
  1159 | D:3      | Reached ** piety under Wu Jian
  1331 | D:3      | Found Talosm's Jewellery Shoppe.
  1633 | D:3      | Found Ahulo's Magic Scroll Shoppe.
  1641 | D:3      | Bought a scroll of identify for 22 gold pieces
  1642 | D:3      | Identified a scroll of acquirement
  1689 | D:3      | Reached XP level 4. HP: 26/38 MP: 3/3
  1697 | D:3      | Reached skill level 1 in Stealth
  2108 | D:3      | Found Qoipaar's Antique Armour Boutique.
  2376 | D:2      | Reached skill level 1 in Dodging
  2380 | D:2      | Reached skill level 1 in Evocations
  2503 | D:2      | Reached XP level 5. HP: 41/47 MP: 4/4
  2902 | D:4      | Found Wegupuv's Antique Weapon Shoppe.
  2904 | D:4      | Found a runed translucent gate.
  2905 | D:4      | Found a runed translucent gate.
  2905 | D:4      | Found a runed translucent gate.
  2908 | D:4      | Noticed cbfl8's ghost (amateur MfGl)
  3104 | D:4      | Found Tiamoxuy's Magic Scroll Shop.
  3111 | D:4      | Reached *** piety under Wu Jian
  3277 | D:4      | Found a sand-covered staircase.
  3284 | D:4      | Identified the +3 hand crossbow of Hard Scrabble {speed,
                  | rC+ Will++ Dex-5 Stlth+}
  3287 | Ossuary  | Entered an ossuary
  3295 | Ossuary  | Reached skill level 4 in Axes
  3295 | Ossuary  | Reached skill level 1 in Invocations
  3346 | Ossuary  | Reached XP level 6. HP: 47/55 MP: 5/5
  3523 | D:3      | Bought a scroll of blinking for 82 gold pieces
  3751 | D:4      | Reached skill level 5 in Fighting
  4100 | D:5      | Entered Level 5 of the Dungeon
  4160 | D:5      | Reached skill level 5 in Axes
  4160 | D:5      | Reached XP level 7. HP: 56/61 MP: 7/7
  4336 | D:5      | Found a burning altar of Makhleb.
  4614 | D:5      | Reached **** piety under Wu Jian
  4675 | D:5      | Reached skill level 5 in Armour
  5091 | D:5      | Reached skill level 6 in Axes
  5091 | D:5      | Reached XP level 8. HP: 32/69 MP: 8/8
  5297 | D:5      | Found Illazucs's Weapon Shop.
  5919 | D:6      | Found Kybbus's Assorted Antiques.
  5927 | D:6      | Bought a scroll of teleportation for 66 gold pieces
  5958 | D:6      | Found a staircase to the Ecumenical Temple.
  5989 | D:6      | Noticed Maggie
  6009 | D:6      | Killed Maggie
  6436 | D:6      | Noticed Grinder
  6445 | D:6      | Paralysed by Grinder for 3 turns
  6449 | D:6      | Killed Grinder
  6450 | D:6      | Reached skill level 7 in Axes
  6878 | D:6      | Reached XP level 9. HP: 75/75 MP: 10/10
  7226 | D:7      | Killed from afar by a swamp worm

Illustrated notes

Levels and vault maps discovered:
D:1:      dpeg_arrival_tiny_k, layout_rooms,
          hellmonk_ecumenical_altar_slurped_away
D:2:      cheibrodos_greedy_goblins, layout_loops_ring
D:3:      layout_basic, serial_shops,
          nicolae_shop_temple_entry_statues_fountains, shop, shop
D:4:      layout_loops_ring, chequers_ossuary_entry_cave,
          ebering_ghost_rock_garden, serial_shops, shop, nicolae_take_the_stairs
D:5:      layout_gridville, mainiacjoe_overflow_concentric_impassable,
          serial_shops, shop, minivault_5
D:6:      layout_basic, temple_pool_b, serial_shops, nicolae_shop_hallway_plus,
          uniq_maggie, uniq_grinder
D:7:      layout_basic, nicolae_shop_unique_rings, worms_lemuel

Skill      XL: |  1  2  3  4  5  6  7  8 |
---------------+-------------------------+-----
Fighting       | 4 5 |  5.9
Armour         | 4 5 6 |  6.1
Axes           | 3 4 5 6 7 |  7.2
Shields        | 4 |  4.7
Stealth        | 1 2 4 |  4.1
Dodging        | 1 2 3 4 |  4.5
Evocations     | 1 2 3 |  3.4
Invocations    | 1 2 3 |  3.6

Action                   |  1- 3 |  4- 6 |  7- 9 || total
-------------------------+-------+-------+-------++-------
Melee: War axe           |    79 |   123 |   137 ||   339
       Headbutt          |     9 |    27 |    26 ||    62
Invok: Lunge             |     8 |    10 |     9 ||    27
       Whirlwind         |       |     4 |       ||     4
Evoke: Wand              |       |       |     1 ||     1
  Use: Scroll            |     2 |     3 |     2 ||     7
 Stab: Paralysed         |       |       |     8 ||     8
Armor: Scale mail        |    40 |    15 |       ||    55
       Chain mail        |       |    76 |    53 ||   129
Dodge: Dodged            |    33 |    56 |    31 ||   120
Block: Buckler           |    19 |     9 |       ||    28
       Kite shield       |       |    45 |    45 ||    90
